 Dungeon Crawl Stone Soup version 0.26.1-11-gd32895ea62 (webtiles) character file.

Game seed: 4397465922441113529

638 Almogavar the Stinger (level 7, 0/53 HPs)
             Began as a Gnoll Wanderer on May 18, 2021.
             Slain by an orange demon (5 damage)
             ... on level 2 of the Abyss.
             The game lasted 00:16:31 (4798 turns).

Almogavar the Stinger (Gnoll Wanderer)              Turns: 4798, Time: 00:16:32

Health: 0/53       AC:  8    Str: 12    XL:     7   Next: 50%
Magic:  10/10      EV: 13    Int: 13    God:
Gold:   191        SH:  5    Dex: 20    Spells: 8/11 levels left

rFire    . . .     SeeInvis .   k - +3 dire flail (protect)
rCold    + . .     Faith    .   (shield currently unavailable)
rNeg     . . .     Spirit   .   u - +2 leather armour {rC+}
rPois    +         Reflect  +   (no helmet)
rElec    .         Harm     .   B - +1 cloak
rCorr    .         Rampage  .   (no gloves)
Will     .....                  y - +0 pair of boots
Stlth    +++.......             p - amulet of reflection
HPRegen  0.17/turn              z - ring of poison resistance
MPRegen  0.12/turn              (no ring)

@: no status effects
A: distributed training, fangs 1, strong nose
a: no special abilities


You were on level 2 of the Abyss.
You visited 1 branch of the dungeon, and saw 4 of its levels.
You visited the Abyss 1 time.

You collected 191 gold pieces.

Inventory:

Hand Weapons
 a - a +2 mace of distortion
 k - a +3 dire flail of protection (weapon)
 w - a +2 vorpal hunting sling
Missiles
 b - 9 poisoned darts (quivered)
 d - 2 boomerangs
 e - 203 stones
 r - 2 throwing nets
 x - 7 javelins
Armour
 u - a +2 leather armour of cold resistance (worn)
 y - a +0 pair of boots (worn)
 A - a +0 scale mail
 B - a +1 cloak (worn)
 C - a +0 chain mail
Jewellery
 p - an amulet of reflection (around neck)
 z - a ring of poison resistance (left hand)
Wands
 m - a wand of polymorph (10)
Scrolls
 c - 3 scrolls of teleportation
 g - a scroll of fog
 h - a scroll of enchant armour {unknown}
 j - 2 scrolls of amnesia
 o - 3 scrolls of remove curse {unknown}
 s - a scroll of identify
Potions
 f - 2 potions of flight
 i - a potion of brilliance
 l - 3 potions of might
 n - a potion of lignification
 q - a potion of invisibility {unknown}
 t - a potion of resistance {unknown}
 v - 2 potions of haste {unknown}
 D - a potion of attraction {unknown}


   Skills:
 + Level 3.6 Fighting
 + Level 2.5 Short Blades
 + Level 2.5 Long Blades
 + Level 2.5 Axes
 + Level 5.2 Maces & Flails
 + Level 2.5 Polearms
 + Level 2.5 Staves
 + Level 2.5 Slings
 + Level 2.5 Bows
 + Level 2.5 Crossbows
 + Level 2.5 Throwing
 + Level 2.5 Armour
 + Level 2.5 Dodging
 + Level 3.5 Stealth
 + Level 2.5 Shields
 + Level 2.5 Unarmed Combat
 + Level 2.5 Spellcasting
 + Level 2.0 Conjurations
 + Level 4.3 Hexes
 + Level 2.0 Summonings
 + Level 2.0 Necromancy
 + Level 2.0 Translocations
 + Level 2.0 Transmutations
 + Level 2.0 Fire Magic
 + Level 2.0 Ice Magic
 + Level 2.0 Air Magic
 + Level 2.0 Earth Magic
 + Level 5.8 Poison Magic
 + Level 2.8 Invocations
 + Level 3.6 Evocations


You had 8 spell levels left.
You knew the following spells:

 Your Spells              Type           Power        Failure   Level
a - Sting                 Tmut/Pois      48%          6%          1
b - Poisonous Vapours     Pois/Air       24%          9%          2

Your spell library contained the following spells:

 Spells                   Type           Power        Failure   Level
 Ignite Poison            Fire/Tmut/Pois 10%          24%         3
 Mephitic Cloud           Conj/Pois/Air  10%          24%         3
 Olgreb's Toxic Radiance  Pois           16%          26%         4


Dungeon Overview and Level Annotations

Branches:
Dungeon (4/15)
 Temple: D:4-7

Altars:
Dithmenos

Annotations:
D:4 Robin


Innate Abilities, Weirdness & Mutations

Your experience applies equally to all skills.
You have very sharp teeth.
Your uncanny sense of smell can sniff out nearby items.


Message History

Found 24 stones.
Found 37 gold pieces.
A chaos spawn comes into view.
You enter the shallow water.
Moving in this stuff is going to be slow.
The chaos spawn hits you but does no damage.
Found a gateway leading deeper into the Abyss.
Why would you want to do that? Why would you want to do that?
The chaos spawn completely misses you.
An orange demon comes into view.
The orange demon screeches!
A small abomination comes into view.
The chaos spawn gores you!
* * * LOW HITPOINT WARNING * * *
You are engulfed in flames!
* * * LOW HITPOINT WARNING * * *
The orange demon stings you but does no damage.
The orange demon stings you.
You die...

. ##≈≈≈≈≈≈. # .
##≈##.≈≈..#
#≈≈.#≈# .#....≈≈
#..≈≈#.#≈####≈≈
.. #≈≈###≈≈.# #.
##.≈≈≈≈≈#.≈≈≈≈
##..#.##≈≈≈≈#
#.≈≈
#.....44.###....
. ...>...@##
..## .#.x.#..#
#..§ #.#..#.#
..#. ......##
.#. #.#. § ♣
##.# . .#


You could see an orange demon, a chaos spawn and a small abomination.

Vanquished Creatures
  Sigmund (D:4)
  Edmund (D:4)
  Duvessa (D:4)
  Dowan (D:4)
  A howler monkey (D:4)
  An orc priest (D:3)
  An orc wizard (D:4)
  2 adders (D:2)
  An adder skeleton (D:4)
  3 leopard geckos
  9 orcs
  A ball python (D:3)
  2 giant cockroaches
  13 goblins
  6 hobgoblins
  9 jackals
  5 kobolds
  6 bats
  3 frilled lizards
  A jackal skeleton (D:4)
  8 rats
76 creatures vanquished.

Vanquished Creatures (others)
  2 starspawn tentacles (Abyss:1)
2 creatures vanquished.

Grand Total: 78 creatures vanquished

Notes
Turn   | Place    | Note
-------+----------+-------------------------------------------
     0 | D:1      | Almogavar the Gnoll Wanderer began the quest for the Orb.
     0 | D:1      | Almogavar set off with the following items: a +0 mace, a
                  | scroll of teleportation, a +0 robe; and the following spell
                  | memorised: Sting; and the following spells available to
                  | memorise: Poisonous Vapours, Olgreb's Toxic Radiance,
                  | Ignite Poison, Mephitic Cloud
     0 | D:1      | Reached XP level 1. HP: 17/17 MP: 1/1
   272 | D:1      | Reached XP level 2. HP: 23/23 MP: 0/2
  1011 | D:2      | Reached XP level 3. HP: 28/28 MP: 0/4
  1240 | D:2      | Reached skill level 1 in Invocations
  1396 | D:2      | Reached skill level 1 in Short Blades
  1396 | D:2      | Reached skill level 1 in Long Blades
  1396 | D:2      | Reached skill level 1 in Axes
  1396 | D:2      | Reached skill level 1 in Polearms
  1396 | D:2      | Reached skill level 1 in Staves
  1396 | D:2      | Reached skill level 1 in Slings
  1396 | D:2      | Reached skill level 1 in Bows
  1396 | D:2      | Reached skill level 1 in Crossbows
  1396 | D:2      | Reached skill level 1 in Throwing
  1396 | D:2      | Reached skill level 1 in Armour
  1396 | D:2      | Reached skill level 1 in Dodging
  1396 | D:2      | Reached skill level 1 in Shields
  1396 | D:2      | Reached skill level 1 in Unarmed Combat
  1396 | D:2      | Reached skill level 1 in Spellcasting
  1521 | D:2      | Found a shadowy altar of Dithmenos.
  2241 | D:3      | Reached XP level 4. HP: 34/34 MP: 5/5
  2382 | D:3      | Reached skill level 1 in Conjurations
  2382 | D:3      | Reached skill level 1 in Summonings
  2382 | D:3      | Reached skill level 1 in Necromancy
  2382 | D:3      | Reached skill level 1 in Translocations
  2382 | D:3      | Reached skill level 1 in Transmutations
  2382 | D:3      | Reached skill level 1 in Fire Magic
  2382 | D:3      | Reached skill level 1 in Ice Magic
  2382 | D:3      | Reached skill level 1 in Air Magic
  2382 | D:3      | Reached skill level 1 in Earth Magic
  3090 | D:4      | Learned a level 2 spell: Poisonous Vapours
  3222 | D:4      | Reached XP level 5. HP: 40/40 MP: 6/6
  3259 | D:4      | Noticed Duvessa
  3285 | D:4      | Noticed Dowan
  3673 | D:4      | Killed Duvessa
  3674 | D:4      | Reached skill level 5 in Maces & Flails
  3674 | D:4      | Reached XP level 6. HP: 38/47 MP: 4/8
  3674 | D:4      | Killed Dowan
  3909 | D:4      | Noticed Sigmund
  3944 | D:4      | Noticed Edmund
  3945 | D:4      | Noticed Robin
  4423 | D:4      | Killed Edmund
  4424 | D:4      | Reached XP level 7. HP: 42/52 MP: 10/10
  4587 | D:4      | Killed Sigmund
  4646 | D:4      | Cast into level 1 of the Abyss (unwielding a weapon of
                  | distortion)
  4693 | Abyss:1  | Noticed a cacodemon
  4694 | Abyss:1  | Noticed a starcursed mass
  4695 | Abyss:1  | Noticed a smoke demon
  4706 | Abyss:1  | Noticed a tentacled starspawn
  4718 | Abyss:1  | HP: 1/53 [starcursed mass/accursed screaming (7)]
  4729 | Abyss:2  | Noticed a smoke demon
  4740 | Abyss:2  | Noticed a large abomination
  4772 | Abyss:2  | Noticed a chaos spawn
  4795 | Abyss:2  | Noticed an orange demon
  4796 | Abyss:2  | Noticed a small abomination
  4798 | Abyss:2  | Slain by an orange demon

Illustrated notes

Levels and vault maps discovered:
D:1:      elethiomel_arrival_maze, layout_basic
D:2:      layout_basic, nicolae_overflow_hidden_temple, serial_co_window_serial,
          co_window_cross_1, co_window_of_opportunity_a, co_window_paths_a,
          co_window_of_opportunity_a, co_window_cross_1, co_window_paths_a,
          co_window_2corner, co_window_corner_cb, co_window_of_opportunity_b,
          co_window_corner_b, co_window_cross_4, co_window_of_opportunity_b,
          co_window_paths_e, co_window_4corner_a, glass_columns_a,
          glass_columns_c, glass_columns_c, glass_columns_c, glass_columns_a
D:3:      layout_loops_ring
D:4:      layout_rooms, uniq_edmund, uniq_robin, uniq_duvessa, uniq_sigmund
Abyss:2:  base: Temple, evilmike_abyss_exit_12

Skill      XL: |  1  2  3  4  5  6  7 |
---------------+----------------------+-----
Invocations    | 1 2 |  2.8
Short Blades   | 1 2 |  2.5
Long Blades    | 1 2 |  2.5
Axes           | 1 2 |  2.5
Polearms       | 1 2 |  2.5
Staves         | 1 2 |  2.5
Slings         | 1 2 |  2.5
Bows           | 1 2 |  2.5
Crossbows      | 1 2 |  2.5
Throwing       | 1 2 |  2.5
Armour         | 1 2 |  2.5
Dodging        | 1 2 |  2.5
Shields        | 1 2 |  2.5
Unarmed Combat | 1 2 |  2.5
Spellcasting   | 1 2 |  2.5
Conjurations   | 1 2 |  2.0
Summonings     | 1 2 |  2.0
Necromancy     | 1 2 |  2.0
Translocations | 1 2 |  2.0
Transmutations | 1 2 |  2.0
Fire Magic     | 1 2 |  2.0
Ice Magic      | 1 2 |  2.0
Air Magic      | 1 2 |  2.0
Earth Magic    | 1 2 |  2.0
Fighting       | 3 |  3.6
Evocations     | 3 |  3.6
Hexes          | 4 |  4.3
Maces & Flails | 5 |  5.2
Stealth        | 3 |  3.5
Poison Magic   | |  5.8

Action                   |  1- 3 |  4- 6 |  7- 9 || total
-------------------------+-------+-------+-------++-------
Melee: Mace              |    23 |    62 |     4 ||    89
       Bite              |     3 |     6 |     1 ||    10
       Punch             |       |     1 |       ||     1
       Dire flail        |       |       |     3 ||     3
 Fire: Hunting sling     |    39 |    34 |       ||    73
Throw: Dart              |     7 |     6 |     5 ||    18
 Cast: Sting             |    11 |    25 |       ||    36
  Use: Scroll            |     4 |       |       ||     4
       Potion            |       |     2 |     1 ||     3
 Stab: Distracted        |       |     1 |       ||     1
Armor: Robe              |     8 |     2 |       ||    10
       Skin              |       |     2 |       ||     2
       Leather armour    |       |    12 |    11 ||    23
Dodge: Dodged            |    19 |    48 |    11 ||    78
Block: Other             |       |    14 |     2 ||    16
